 Dungeon Crawl Stone Soup version 0.26.1-11-gd32895ea62 (webtiles) character file.

Game seed: 8459258034255715964

164 Tirrikindir the Shield-Bearer (level 5, -2/36 HPs)
             Began as an Octopode Fighter on June 9, 2021.
             Was an Initiate of Gozag.
             Slain by a worker ant (8 damage)
             ... on level 4 of the Dungeon.
             The game lasted 00:06:23 (3521 turns).

Tirrikindir the Shield-Bearer (Octopode Fighter)    Turns: 3521, Time: 00:06:24

Health: -2/36      AC:  1    Str: 15    XL:     5   Next: 45%
Magic:  5/5        EV: 12    Int: 11    God:    Gozag
Gold:   353        SH:  0    Dex: 12    Spells: 4/4 levels left

rFire    . . .     SeeInvis .   a - +1 long sword
rCold    . . .     Faith    .   b - +0 kite shield
rNeg     . . .     Spirit   .   (helmet restricted)
rPois    .         Reflect  .   i - amulet of the acrobat
rElec    .         Harm     .   (no ring)
rCorr    .         Rampage  .   (no ring)
Will     .....                  (no ring)
Stlth    ++........             (no ring)
HPRegen  0.12/turn              (no ring)
MPRegen  0.09/turn              (no ring)
                                (no ring)
                                (no ring)

@: confused
A: almost no armour, stealthy swim, amphibious, 8 rings, constrict 8, camouflage
1, gelatinous body 1
a: Renounce Religion, Potion Petition, Call Merchant, Bribe Branch


You were on level 4 of the Dungeon.
You worshipped Gozag.
Gozag was aware of your devotion.
You visited 1 branch of the dungeon, and saw 4 of its levels.

You collected 396 gold pieces.
You paid 43 gold pieces to Gozag.

Inventory:

Hand Weapons
 a - a +1 long sword (weapon)
 h - a +0 short sword
Missiles
 l - 17 poisoned darts (quivered)
Armour
 b - a +0 kite shield (worn)
Jewellery
 i - an amulet of the acrobat (around mantle)
Scrolls
 g - a scroll of teleportation
 k - a scroll of fog
 m - 2 scrolls of fear
 n - a scroll of amnesia {unknown}
 p - 2 scrolls of blinking
Potions
 c - a potion of might
 e - a potion of curing
 f - a potion of brilliance
 j - a potion of invisibility
 o - a potion of degeneration {unknown}


   Skills:
 + Level 3.6 Fighting
 * Level 3.5 Long Blades
 + Level 3.6 Dodging
 + Level 2.6 Stealth
 + Level 3.6 Shields


You had 4 spell levels left.
You didn't know any spells.
Your spell library contained the following spells:

 Spells                   Type           Power        Failure   Level
 Confusing Touch          Hex            0%           99%         3
 Gell's Gravitas          Tloc           0%           99%         3
 Petrify                  Tmut/Erth      0%           100%        4
 Metabolic Englaciation   Hex/Ice        0%           100%        5
 Yara's Violent Unravell  Hex/Tmut       0%           100%        5


Dungeon Overview and Level Annotations

Branches:
Dungeon (4/15)
 Temple: D:4-7

Altars:
Ashenzari
Cheibriados
Dithmenos
Gozag
Makhleb
Nemelex Xobeh
Trog
Uskayaw
Zin
The Shining One


Innate Abilities, Weirdness & Mutations

You cannot wear most types of armour.
You are very stealthy in the water. (Stealth+)
You are amphibious.
You can wear up to eight rings at the same time.
You can use your tentacles to constrict eight enemies at once.
Your skin changes colour to match your surroundings (Stealth+).
Your rubbery body absorbs attacks. (AC +1, EV +1)


Message History

The ogre is moderately wounded.
The ogre hits you with a +0 giant spiked club!
You hit the ogre.
The ogre is heavily wounded.
You block the ogre's attack.
You slash the ogre!
The ogre is almost dead.
The ogre hits you with a +0 giant spiked club!
* * * LOW HITPOINT WARNING * * *
Okay, then.
You hit the ogre but do no damage.
The ogre is almost dead.
The ogre barely misses you. The worker ant barely misses you.
You riposte.
You closely miss the worker ant. You grab the worker ant.
You squeeze the worker ant, but do no damage.
You are confused.
You feel invigorated.
You constrict the worker ant. The ogre closely misses you.
The worker ant bites you!
You die...
Your body crumbles into a pile of gold.

#.### $ #.#######.
#..........
###.....##..#
#..........# ###
.......##### ....
..##......## ##..)..
.(##...##..######O..#
..##...###...##.@B#
..###### ###....###
....# #...## .##.####
#....# ..#....#
#..##..# ..####.#
#.## #.# ..# ### #.#
#.... .# ..# #.#
##....## .## ..# ##.
##..##..##..#####


You could see an ogre and a worker ant.

Vanquished Creatures
  A hound (D:2)
  An iguana (D:4)
  6 adders
  An ooze (D:4)
  An adder skeleton (D:4)
  A worm (D:2)
  A dart slug (D:2)
  A leopard gecko (D:2)
  A ball python (D:1)
  5 giant cockroaches
  3 hobgoblins
  7 kobolds
  3 bats
  A frilled lizard (D:2)
  7 goblins
  6 rats
46 creatures vanquished.

Vanquished Creatures (others)
  A bullfrog (D:4)
  A worker ant (D:4)
  A leopard gecko (D:4)
  A quokka (D:4)
4 creatures vanquished.

Grand Total: 50 creatures vanquished

Notes
Turn   | Place    | Note
-------+----------+-------------------------------------------
     0 | D:1      | Tirrikindir the Octopode Fighter began the quest for the
                  | Orb.
     0 | D:1      | Reached XP level 1. HP: 16/16 MP: 1/1
   309 | D:1      | Reached XP level 2. HP: 21/21 MP: 2/2
   491 | D:1      | Reached skill level 1 in Stealth
   922 | D:2      | Reached XP level 3. HP: 19/26 MP: 3/3
  1063 | D:2      | Found an opulent altar of Gozag.
  1063 | D:2      | Found a sparkling altar of Nemelex Xobeh.
  1071 | D:2      | Became a worshipper of Gozag Ym Sagoz the Greedy
  1271 | D:2      | Found a burning altar of Makhleb.
  1276 | D:2      | Reached XP level 4. HP: 31/31 MP: 4/4
  1353 | D:2      | Found a shadowy altar of Dithmenos.
  1401 | D:2      | Found a faded altar of an unknown god.
  1401 | D:2      | Found a faded altar of an unknown god.
  1408 | D:2      | Found a glowing golden altar of the Shining One.
  1410 | D:2      | Found a hide-covered altar of Uskayaw.
  1411 | D:2      | Found a snail-covered altar of Cheibriados.
  2002 | D:3      | Found a glowing silver altar of Zin.
  3204 | D:4      | Found a broken altar of Ashenzari.
  3220 | D:4      | Killed a bullfrog
  3231 | D:4      | Reached XP level 5. HP: 36/36 MP: 5/5
  3485 | D:4      | Found a bloodstained altar of Trog.
  3509 | D:4      | Noticed an ogre
  3521 | D:4      | Slain by a worker ant

Illustrated notes

Levels and vault maps discovered:
D:1:      mrwooster_arrival_statue_2, layout_loops_corners
D:2:      layout_rooms, grunt_temple_overflow_opulence,
          nicolae_dithmenos_shadow_blocks, makhleb_blood_cavern_becter,
          chequers_temple_overflow_minitemple, dk_noncrumbling_4,
          supply_closet_lemuel, minmay_heptomino_l4
D:3:      layout_basic, lemuel_coloured_pillars_altar
D:4:      layout_rooms, xom_confusion_cloud, nicolae_ashenzari_panopticon,
          nicolae_overflow_hidden_temple, nicolae_tso_besieged_by_evil

Skill      XL: |  1  2  3 |
---------------+----------+-----
Stealth        | 1 2 |  2.6
Long Blades    | 3 |  3.5
Fighting       | |  3.6
Dodging        | |  3.6
Shields        | |  3.6

Action                   |  1- 3 |  4- 6 || total
-------------------------+-------+-------++-------
Melee: Long sword        |    47 |    43 ||    90
       Constrict         |    12 |    14 ||    26
       Tentacles         |     8 |    13 ||    21
Throw: Dart              |       |     1 ||     1
  Use: Scroll            |     4 |     6 ||    10
       Potion            |       |     1 ||     1
 Stab: Sleeping          |     5 |     8 ||    13
Armor: Skin              |       |     1 ||     1
Dodge: Dodged            |    17 |    16 ||    33
Block: Kite shield       |    20 |    18 ||    38
       Rpst.: Long sword |     4 |     5 ||     9
